 Dungeon Crawl Stone Soup version 0.31.0-12-g77e489cdc1 (webtiles) character file.

Game seed: 9479374911085028617

10979 Ekaitz the Geomancer (level 11, -2/56 HPs)
             Began as a Deep Elf Earth Elementalist on Feb 22, 2024.
             Was an Elder of Vehumet.
             Shot with a bolt by a yaktaur captain (22 damage)
             ... on level 10 of the Dungeon on Feb 23, 2024.
             The game lasted 00:26:39 (10527 turns).

Ekaitz the Geomancer (Deep Elf Earth Elementalist) Turns: 10527, Time: 00:26:42

Health: -2/56      AC: 12    Str:  7    XL:     11   Next: 43%
Magic:  29/37      EV: 14    Int: 21    God:    Vehumet [****..]
Gold:   560        SH:  0    Dex: 17    Spells: 12/32 levels left

rFire   . . .        f - +2 dagger (venom)
rCold   . . .        (no shield)
rNeg    . . .        M - +0 steam dragon scales
rPois   .            (no helmet)
rElec   .            m - +1 cloak
rCorr   .            (no gloves)
SInv    .            D - +0 pair of boots
Will    +....        (no amulet)
Stlth   ++++         o - ring of magical power
HPRegen 0.29/turn    t - +4 ring of protection
MPRegen 0.25/turn

%: no passive effects
@: no status effects
A: no striking features
a: Renounce Religion


You were on level 10 of the Dungeon.
You worshipped Vehumet.
Vehumet was greatly pleased with you.
You visited 2 branches of the dungeon, and saw 11 of its levels.

You collected 560 gold pieces.

Inventory:

Hand Weapons
 a - a +3 rapier of holy wrath
 f - a +2 dagger of venom (weapon)
 v - a +3 short sword
 S - a +1 long sword of holy wrath
Missiles
 j - 14 poisoned darts
 J - 6 datura-tipped darts
 N - 2 curare-tipped darts
Armour
 m - a +1 cloak (worn)
 q - a +0 leather armour of poison resistance
 x - a +0 ring mail of poison resistance
 C - an orb of energy
 D - a +0 pair of boots (worn)
 M - +0 steam dragon scales (worn)
Jewellery
 o - a ring of magical power (left hand)
 t - a +4 ring of protection (right hand)
 u - a ring of magical power
 G - a ring of positive energy
 R - a ring of wizardry
Wands
 r - a wand of flame (41)
 K - a wand of polymorph (8)
 P - a wand of roots (5)
Scrolls
 e - 6 scrolls of identify {unknown}
 h - 3 scrolls of teleportation {unknown}
 i - 3 scrolls of noise {unknown}
 l - a scroll of fog {unknown}
 n - a scroll of silence {unknown}
 p - 4 scrolls of fear {unknown}
 s - a scroll of blinking {unknown}
 w - 4 scrolls of amnesia {unknown}
 y - a scroll of revelation {unknown}
 z - a scroll of brand weapon {unknown}
 E - a scroll of torment {unknown}
 F - 2 scrolls of enchant armour {unknown}
 I - a scroll of enchant weapon {unknown}
 L - 2 scrolls of immolation {unknown}
 O - a scroll of vulnerability {unknown}
 Q - a scroll of butterflies {unknown}
Potions
 b - 4 potions of magic
 c - 5 potions of curing {unknown}
 d - a potion of cancellation {unknown}
 g - 2 potions of haste
 k - a potion of degeneration {unknown}
 A - 2 potions of enlightenment {unknown}
 B - 2 potions of mutation {unknown}
 H - 2 potions of attraction {unknown}


   Skills:
 + Level 1.3 Fighting
 + Level 1.4 Short Blades
 + Level 4.1 Dodging
 + Level 7.2 Stealth
 + Level 11.3 Spellcasting
 + Level 8.8 Conjurations
 * Level 7.2 Fire Magic
 * Level 11.5 Earth Magic
 * Level 3.4 Alchemy


You had 12 spell levels left.
You knew the following spells:

 Your Spells              Type           Power      Damage    Failure   Level
a - Sandblast             Erth           100%       2d20      1%          1
b - Passwall              Erth           57%        N/A       1%          3
c - Stone Arrow           Conj/Erth      100%       3d13      1%          3
d - Brom's Barrelling Bo  Conj/Erth      53%        2d7       1%          4
e - Petrify               Alch/Erth      43%        N/A       2%          4
f - Ignite Poison         Fire/Alch      34%        N/A       1%          4
x - Foxfire               Conj/Fire      100%       2x1d9     1%          1

Your spell library contained the following spells:

 Spells                   Type           Power      Damage    Failure   Level
 Freeze                   Ice            44%        1d6       1%          1
 Scorch                   Fire           84%        2d8       1%          2
 Hailstorm                Conj/Ice       30%        3d8       1%          3
 Flame Wave               Conj/Fire      45%        2d12      1%          4
 Iskenderun's Battlesphe  Conj           49%        2d10      1%          5
 Bombard                  Conj/Erth      26%        9d5       3%          6
 Frozen Ramparts          Ice            22%        1d4       4%          3
 Arcjolt                  Conj/Air       15%        1d25      7%          5
 Ozocubu's Armour         Ice            11%        N/A       17%         3
 Vhi's Electric Charge    Tloc/Air       22%        N/A       50%         4
 Metabolic Englaciation   Hex/Ice        5%         N/A       85%         5
 Spellforged Servitor     Conj/Summ      15%        N/A       86%         7
 Sculpt Simulacrum        Ice/Alch       9%         N/A       99%         6
 Summon Cactus Giant      Summ           5%         N/A       100%        6
 Maxwell's Capacitive Co  Air            5%         ∞         100%        8


Dungeon Overview and Level Annotations

Branches:
Dungeon (10/15)            Temple (1/1) D:4            Lair (0/5) D:10
    Orc (0/2) D:10

Altars:
Ashenzari
Cheibriados
Dithmenos
Elyvilon
Fedhas
Gozag
Hepliaklqana
Kikubaaqudgha
Makhleb
Nemelex Xobeh
Okawaru
Qazlal
Ru
Sif Muna
Trog
Uskayaw
Vehumet
Wu Jian
Xom
Yredelemnul
Zin
The Shining One

Shops:
D:1 =!!   D:6 (

Annotations:
D:10 2 transporters, raguz's ghost, journeyman DsCj


Message History

There is an open door here.
There is an open door here.
You open the door.
There is an open door here.
There is an open door here.
Raguz's ghost turns its malevolent gaze towards you.
You hear two shouts!
You hear an angry hiss.
There is an open door here.
The wyvern hisses angrily.
There is an open door here.
A yaktaur captain, an ice dragon and a red very ugly thing come into view.
The yaktaur captain shouts!
The red ugly thing gurgles horribly!
The red very ugly thing gurgles horribly!
The yaktaur captain wields a +0 arbalest.
The yaktaur captain shoots a bolt.
The bolt hits you!
The red ugly thing basks in the mutagenic energy from its kin and changes!
There is an open door here.
Okay, then.
Casting: Stone Arrow (safe; 1% risk of failure)
Confirm with . or Enter, or press ? or * to list all spells.
Aiming: Petrify (dangerous; 2% risk of failure)
Press: ? - help, Shift-Dir - straight line, f - yaktaur captain
Aim: a yaktaur captain, wielding a +0 arbalest (chance to affect: 32%)
The yaktaur captain easily resists.
The yaktaur captain shoots a bolt.
The bolt completely misses you.
Unknown command.
Casting: Petrify (dangerous; 2% risk of failure)
Confirm with . or Enter, or press ? or * to list all spells.
Aiming: Petrify (dangerous; 2% risk of failure)
Press: ? - help, Shift-Dir - straight line, f/p - yaktaur captain
Aim: a yaktaur captain, wielding a +0 arbalest (chance to affect: 32%)
The yaktaur captain easily resists.
The yaktaur captain shoots a bolt.
The bolt hits you!!
Aiming: Sandblast (safe; 1% risk of failure)
Press: ? - help, Q - select action, (/) - cycle Shift-Dir - straight line, f/p - yaktaur captain
Aim: a yaktaur captain, wielding a +0 arbalest (95% to hit)
The blast of sand hits the yaktaur captain!
The yaktaur captain is lightly wounded.
The yaktaur captain shoots a bolt.
The bolt hits you!!
You die...

#....#..#.......#.....'..........
#....#..#.......#.....#......#...
#....#..#.......#.....#......#...
#....####.......###...#......#..#
#....#..#################....#..#
#....#)......#...c..# #.#....#..+
#....#.......#...#..# #.'....#..#
#....#.......#...#ucu:#.#....#..#
#....#..###+##..@#D.):#.#....#..#
#.>.>#..##..##...######.#....#..#
.....#..##..##........#.#....#..#
.....'...'..##........#.#....+..#
.....#...#..##........#.+....#..#
.....#####'##########'###.......#
.####.........####.......####..##
.#..#.........#..#..............#
.#..'.........#..#........≈≈~≈≈.#


You could see a yaktaur captain.

Vanquished Creatures
  A hydra (D:10)
  An ogre mage (D:10)
  3 two-headed ogres
  Maurice (D:9)
  A wolf spider (D:10)
  A cyclops (D:10)
  Jeremiah (D:8)
  A troll (D:10)
  Prince Ribbit (D:6)
  14 yaks
  Eustachio (D:6)
  3 steam dragons
  A vampire mosquito (D:10)
  An acid dragon (D:10)
  2 water moccasins
  2 orc warriors
  3 ogres
  6 centaurs
  2 phantoms
  3 kobold brigands
  Blork the orc (D:6)
  A gnoll sergeant (D:8)
  4 scorpions
  6 wights (D:9)
  A burial acolyte (D:7)
  3 killer bees (D:10)
  3 howler monkeys (D:9)
  6 jellies
  5 hounds
  2 orc priests
  A sleepcap (D:7)
  Jessica (D:2)
  2 iguanas
  6 orc wizards
  A centaur simulacrum (D:10)
  2 hound zombies (D:7)
  3 gnolls (D:8)
  7 adders
  4 shadow imps
  3 white imps
  2 ufetubi (D:6)
  An adder zombie (D:7)
  3 ribbon worms (D:2)
  17 orcs
  5 ball pythons
  6 bats
  7 endoplasms
  4 giant cockroaches
  12 goblins
  7 hobgoblins
  34 kobolds
  6 quokkas
  4 frilled lizards
  A gnoll zombie (D:7)
  3 kobold zombies (D:7)
  5 rats
228 creatures vanquished.

Vanquished Creatures (collateral kills)
  A boulder (D:9)
1 creature vanquished.

Vanquished Creatures (others)
  139 foxfires
139 creatures vanquished.

Grand Total: 368 creatures vanquished

Notes
Turn   | Place    | Note
-------+----------+-------------------------------------------
     0 | D:1      | Ekaitz the Deep Elf Earth Elementalist began the quest for
                  | the Orb.
     0 | D:1      | Reached XP level 1. HP: 10/10 MP: 6/6
    51 | D:1      | Found Yggar's Distillery.
   165 | D:1      | Reached XP level 2. HP: 15/15 MP: 5/8
   213 | D:1      | Found Hooteran's Jewellery Shoppe.
   219 | D:1      | Found Gosoumis's Distillery.
   612 | D:1      | You fall into a shaft and drop 1 floor!
   619 | D:2      | Reached XP level 3. HP: 19/19 MP: 6/9
   627 | D:2      | Learned a level 3 spell: Passwall
   631 | D:2      | Learned a level 3 spell: Stone Arrow
  1381 | D:2      | Noticed Jessica
  1386 | D:2      | Killed Jessica
  1387 | D:2      | Reached XP level 4. HP: 24/24 MP: 12/12
  1393 | D:2      | Learned a level 4 spell: Brom's Barrelling Boulder
  1901 | D:4      | Reached XP level 5. HP: 11/28 MP: 4/13
  1934 | D:4      | Found a staircase to the Ecumenical Temple.
  1945 | Temple   | Found a transporter.
  1945 | Temple   | Found a transporter.
  1945 | Temple   | Found a transporter.
  1945 | Temple   | Found a transporter.
  1945 | Temple   | Entered the Ecumenical Temple
  1980 | Temple   | Became a worshipper of Vehumet
  2061 | D:4      | Reached skill level 5 in Earth Magic
  2268 | D:3      | Reached XP level 6. HP: 32/32 MP: 6/14
  3184 | D:4      | Reached * piety under Vehumet
  3184 | D:4      | Offered knowledge of Foxfire by Vehumet.
  3205 | D:4      | Learned a level 1 spell: Foxfire
  3218 | D:4      | Noticed a water moccasin
  3221 | D:4      | Killed a water moccasin
  3429 | D:4      | Reached XP level 7. HP: 13/36 MP: 12/16
  3692 | D:5      | Entered Level 5 of the Dungeon
  3716 | D:5      | Reached skill level 5 in Spellcasting
  3792 | D:5      | Found a hide-covered altar of Uskayaw.
  4030 | D:5      | Found an ornate altar of the Wu Jian Council.
  4488 | D:6      | Noticed Prince Ribbit
  4492 | D:6      | Killed Prince Ribbit
  4493 | D:6      | Reached skill level 1 in Short Blades
  4493 | D:6      | Reached skill level 5 in Conjurations
  4493 | D:6      | Reached skill level 1 in Fire Magic
  4493 | D:6      | Reached XP level 8. HP: 41/42 MP: 19/19
  4498 | D:6      | Learned a level 4 spell: Petrify
  4681 | D:6      | Noticed Blork the orc
  4707 | D:6      | Killed Blork the orc
  4859 | D:6      | Noticed Eustachio
  4867 | D:6      | Killed Eustachio
  4868 | D:6      | Reached skill level 5 in Stealth
  4971 | D:6      | Found Qolacy's Hydra Hut.
  4975 | D:6      | Noticed a five-headed hydra
  4978 | D:6      | Noticed a two-headed ogre
  4986 | D:6      | Killed a two-headed ogre
  4987 | D:6      | Reached XP level 9. HP: 21/46 MP: 5/22
  5191 | D:6      | Reached ** piety under Vehumet
  5191 | D:6      | Offered knowledge of Momentum Strike by Vehumet.
  6475 | D:7      | Found an ancient bone altar of Kikubaaqudgha.
  6477 | D:7      | Offered knowledge of Static Discharge by Vehumet.
  7136 | D:8      | Reached *** piety under Vehumet
  7271 | D:8      | Noticed Jeremiah
  7282 | D:8      | Killed Jeremiah
  7283 | D:8      | Reached skill level 5 in Fire Magic
  7337 | D:8      | Reached XP level 10. HP: 15/51 MP: 20/25
  7799 | D:8      | Noticed a two-headed ogre
  7806 | D:8      | Killed a two-headed ogre
  7807 | D:8      | Reached skill level 1 in Fighting
  7807 | D:8      | Reached skill level 10 in Spellcasting
  8008 | D:9      | Reached skill level 1 in Alchemy
  8203 | D:9      | Offered knowledge of Mephitic Cloud by Vehumet.
  8207 | D:9      | Reached skill level 10 in Earth Magic
  8709 | D:9      | Noticed Maurice
  8712 | D:9      | Killed Maurice
  8917 | D:10     | Entered Level 10 of the Dungeon
  8917 | D:10     | Found a transporter.
  9111 | D:10     | Reached XP level 11. HP: 40/56 MP: 9/27
  9355 | D:10     | Found a staircase to the Orcish Mines.
  9618 | D:10     | Noticed a two-headed ogre
  9621 | D:10     | Found a transporter.
  9621 | D:10     | Noticed raguz's ghost (journeyman DsCj)
  9733 | D:10     | Noticed a two-headed ogre
  9751 | D:10     | Killed a two-headed ogre
  9836 | D:10     | Noticed a wolf spider
  9836 | D:10     | Noticed an ogre mage
  9836 | D:10     | Noticed a five-headed hydra
  9836 | D:10     | Noticed a red ugly thing
  9848 | D:10     | Killed a five-headed hydra
  9848 | D:10     | Reached **** piety under Vehumet
  9923 | D:10     | Killed a wolf spider
  9929 | D:10     | Killed an ogre mage
  9929 | D:10     | Offered knowledge of Ignite Poison by Vehumet.
  9939 | D:10     | Learned a level 4 spell: Ignite Poison
 10103 | D:10     | Noticed a yaktaur captain
 10268 | D:10     | Found a staircase to the Lair.
 10387 | D:10     | Found a broken altar of Ashenzari.
 10387 | D:10     | Found a sparkling altar of Nemelex Xobeh.
 10521 | D:10     | Noticed an ice dragon
 10521 | D:10     | Noticed a red very ugly thing
 10527 | D:10     | Shot with a bolt by a yaktaur captain

Illustrated notes

Levels and vault maps discovered:
D:1:      lemuel_arrival_behind_the_door_small, layout_basic,
          shapermc_ecumenical_altar_notcrosses, serial_shops,
          nicolae_shop_tiny_glass, shop, shop, nicolae_shop_mannequins
D:2:      layout_basic, amethyst_killhole, uniq_jessica
D:3:      kennysheep_six_static_rooms, layout_basic
D:4:      layout_rooms, minmay_temple_entry_junction, minmay_vboxes
D:5:      layout_rooms, nicolae_wu_jian_glorious_leap,
          eat_drink_and_be_merry_uskayaw
D:6:      kennysheep_kobold_camp, layout_basic, grunt_ministairs_13,
          doesnt_shop_hydraphobe, uniq_blork_the_orc, uniq_prince_ribbit1,
          uniq_eustachio
D:7:      layout_basic, regret_index_kikubaaqudgha_part_by_part
D:8:      layout_gridville, uniq_jeremiah
D:9:      layout_loops_ring, minmay_misc_feat_alley, uniq_maurice
D:10:     minmay_shrinking_squares, layout_gridville,
          gammafunk_temple_overflow_elements, lair_entry_dummy, orc_0_dummy,
          enter_bailey_5, gammafunk_ghost_arena, minmay_statues_item,
          kennysheep_nub, minivault_19
Temple:   hellmonk_temple_divided_pantheon

Skill      XL: |  1  2  3  4  5  6  7  8  9 10 11 |
---------------+----------------------------------+-----
Earth Magic    | 4 5 6 8 9 10 11 | 11.5
Spellcasting   | 4 6 7 9 10 11 | 11.3
Conjurations   | 2 4 5 7 8 |  8.8
Stealth        | 3 4 5 6 7 |  7.2
Short Blades   | 1 |  1.4
Dodging        | 3 4 |  4.1
Fire Magic     | 1 3 5 6 7 |  7.2
Fighting       | 1 |  1.3
Alchemy        | 2 3 |  3.4

Action                     |  1- 3 |  4- 6 |  7- 9 | 10-12 || total
---------------------------+-------+-------+-------+-------++-------
  Melee: Dagger            |     8 |    43 |    31 |    45 ||   127
         Punch             |       |       |       |     1 ||     1
   Cast: Sandblast         |    40 |     8 |       |     1 ||    49
         Stone Arrow       |     2 |    32 |    88 |    84 ||   206
         Passwall          |     2 |     5 |    14 |     4 ||    25
         Foxfire           |       |       |    55 |    21 ||    76
         Petrify           |       |       |     1 |     4 ||     5
         Brom's Barrelling |       |       |       |     1 ||     1
    Use: Potion            |       |       |       |     3 ||     3
   Stab: Sleeping          |     6 |    11 |    14 |     6 ||    37
 Armour: Robe              |     3 |    28 |    23 |       ||    54
         Steam dragon scal |       |       |    26 |   114 ||   140
  Dodge: Dodged            |     5 |    35 |    41 |    90 ||   171
